Map: Coda EC

Players

Zamara - Winner!

  • Race: Protoss Protoss
  • League: Grandmaster

AgCl

  • Race: Protoss Protoss
  • League: Grandmaster

VOD

Have the link to the VOD?

Description

Time

  • Played on: June 11, 2015, 6:34 p.m.
  • Length: 8:47
Show
View Real Time Build Order
Export as new Build Order

Zamara Protoss - Winner!

Build Orders: Oracle Opening 

Get SALT Encoding   

  12  0:01  Probe  
  13  0:15  Pylon  
  13  0:18  Probe  
  14  0:33  Probe (Chrono Boost)  
  16  0:43  Probe (Chrono Boost)  
  16  0:47  Gateway  
  16  0:50  Probe  
  16  0:54  Assimilator  
  17  1:03  Probe (Chrono Boost)  
  18  1:11  Pylon  
  18  1:14  Probe (Chrono Boost)  
  19  1:21  Probe (Chrono Boost)  
  20  1:29  Assimilator  
  20  1:35  Cybernetics Core  
  20  1:36  Probe (Chrono Boost)  
  21  1:46  Probe (Chrono Boost)  
  22  1:53  Probe  
  23  2:01  Pylon  
  23  2:05  Probe  
  24  2:17  Probe  
  24  2:19  Stargate  
  25  2:27  Adept  
  27  2:46  Gateway  
  24  3:06  Probe (Chrono Boost)  
  24  3:09  Oracle (Chrono Boost)  
  28  3:16  Probe (Chrono Boost)  
  29  3:20  Warp Gate (Chrono Boost)  
  29  3:36  Nexus, Adept  
  29  3:40  Pylon  
  31  3:48  Probe  
  32  3:53  Pylon  
  32  4:00  Probe  
  32  4:02  Fleet Beacon  
  33  4:29  Stalker x2 (Chrono Boost)  
  37  4:37  Phoenix (Chrono Boost)  
  39  4:40  Probe  
  37  4:52  Probe  
  34  4:57  Probe  
  31  5:04  Probe  
  32  5:09  Probe (Chrono Boost)  
  32  5:13  Assimilator  
  33  5:17  Probe (Chrono Boost)  
  34  5:24  Tempest (Chrono Boost)  
  34  5:27  Probe (Chrono Boost)  
  34  5:28  Probe (Chrono Boost)  
  40  5:34  Probe x2 (Chrono Boost)  
  42  5:45  Probe  
  42  5:46  Probe  
  44  5:57  Probe  
  44  5:58  Probe  
  44  6:00  Tempest (Chrono Boost)  
  53  6:11  Mothership Core (Chrono Boost)  
  53  6:14  Probe (Chrono Boost)  
  53  6:24  Probe (Chrono Boost)  
  55  6:25  Probe (Chrono Boost)  
  55  6:36  Stalker x2  
  59  6:44  Tempest (Chrono Boost)  
  63  6:53  Robotics Facility  
  63  6:54  Probe (Chrono Boost)  
  63  6:55  Assimilator  
  63  7:00  Probe (Chrono Boost)  
  65  7:05  Probe (Chrono Boost)  
  67  7:09  Probe (Chrono Boost)  
  67  7:13  Pylon  
  67  7:17  Gateway x2  
  67  7:23  Pylon  
  67  7:25  Probe  
  68  7:31  Probe  
  68  7:35  Tempest (Chrono Boost)  
  73  7:37  Probe  
  74  8:12  Observer (Chrono Boost)  
  73  8:17  Stalker x2  
  74  8:33  Stalker x2  
Show
View Real Time Build Order
Export as new Build Order

AgCl Protoss 

Build Orders: Oracle Opening 

Get SALT Encoding   

  12  0:02  Probe  
  13  0:25  Probe  
  14  0:29  Pylon  
  14  0:37  Assimilator  
  14  0:47  Probe (Chrono Boost)  
  14  0:49  Gateway  
  15  0:55  Pylon  
  16  0:58  Probe (Chrono Boost)  
  16  1:04  Probe  
  17  1:16  Probe  
  18  1:28  Probe  
  19  1:36  Zealot (Chrono Boost)  
  21  1:40  Cybernetics Core  
  21  1:41  Probe  
  22  1:51  Assimilator  
  22  1:53  Probe (Chrono Boost)  
  23  2:05  Probe (Chrono Boost)  
  24  2:14  Probe (Chrono Boost)  
  25  2:16  Gateway, Warp Gate (Chrono Boost)  
  25  2:21  Stargate  
  25  2:25  Probe  
  26  2:37  Probe  
  27  2:49  Probe  
  28  3:02  Probe  
  29  3:14  Probe  
  30  3:23  Nexus  
  28  3:28  Pylon  
  28  3:36  Probe  
  29  3:45  Oracle  
  29  3:46  Assimilator  
  29  3:48  Probe  
  33  3:51  Assimilator  
  33  4:00  Probe  
  34  4:12  Probe  
  27  4:24  Probe  
  27  4:25  Stalker  
  27  4:26  Stalker  
  27  4:34  Phoenix (Chrono Boost)  
  27  4:36  Probe (Chrono Boost)  
  30  4:48  Probe (Chrono Boost)  
  31  4:55  Stalker  
  34  5:02  Probe (Chrono Boost)  
  34  5:05  Probe (Chrono Boost)  
  32  5:10  Probe (Chrono Boost)  
  32  5:12  Probe (Chrono Boost)  
  34  5:14  Forge  
  35  5:21  Probe (Chrono Boost)  
  35  5:24  Probe (Chrono Boost)  
  36  5:32  Probe (Chrono Boost)  
  36  5:34  Probe (Chrono Boost)  
  38  5:38  Probe (Chrono Boost)  
  40  5:44  Twilight Council  
  40  5:46  Probe (Chrono Boost)  
  41  5:50  Probe (Chrono Boost)  
  41  5:56  Probe x2 (Chrono Boost), Pylon  
  43  6:03  Photon Cannon  
  43  6:07  Probe (Chrono Boost)  
  45  6:11  Probe (Chrono Boost)  
  45  6:16  Probe (Chrono Boost)  
  47  6:18  Probe (Chrono Boost)  
  47  6:23  Probe  
  48  6:28  Probe  
  48  6:30  Dark Shrine  
  49  6:37  Probe (Chrono Boost)  
  50  6:40  Probe (Chrono Boost)  
  49  6:50  Charge (Chrono Boost)  
  49  6:51  Probe x2 (Chrono Boost)  
  51  6:56  Pylon  
  51  6:57  Probe  
  51  6:59  Probe  
  53  7:09  Probe  
  53  7:11  Probe  
  55  7:22  Gateway  
  55  7:23  Gateway  
  55  7:25  Gateway  
  55  7:28  Gateway, Pylon  
  55  7:30  Gateway  
  55  7:33  Robotics Facility  
  55  7:36  Pylon  
  55  7:49  Dark Templar x2  
  59  8:00  Pylon  
  59  8:03  Gateway  
  59  8:06  Gateway, Pylon  
  59  8:09  Pylon  
  55  8:19  Dark Templar  
  54  8:26  Pylon  
  50  8:27  Stalker  
  46  8:35  Probe (Chrono Boost)  
  46  8:40  Dark Templar  
  46  8:41  Dark Templar  
  43  8:42  Dark Templar  
  43  8:43  Dark Templar x2  
Tags
 
Add a new tag
Caveats
  • Supply blocks, unpowered buildings, or Contaminate may cause inaccurate times.
  • Supply counts are checked every 10 seconds.